 Dungeon Crawl Stone Soup version 0.32-a0-900-g30fb1b0edc (webtiles) character file.

Game seed: 10004020350081836860

233 DEFE the Chopper (level 6, 0/47 HPs)
             Began as a Coglin Fighter on Apr 5, 2024.
             Slain by Crazy Yiuf
             ... wielding a +3 quarterstaff of chaos
              (14 damage)
             ... on level 2 of the Dungeon.
             The game lasted 00:01:34 (1400 turns).

DEFE the Chopper (Coglin Fighter)                   Turns: 1400, Time: 00:01:34

Health: 0/47       AC:  7    Str: 16    XL:     6   Next: 4%
Magic:  6/6        EV:  8    Int:  7    God:
Gold:   51         SH:  0    Dex: 16    Spells: 5/5 levels left

rFire   . . .        a - +0 war axe {Suphaphon}
rCold   . . .        h - +2 dagger (venom) {Huemac}
rNeg    . . .        b - +0 scale mail
rPois   .            (no helmet)
rElec   .            (no cloak)
rCorr   .            (no gloves)
SInv    .            j - +0 pair of boots
Will    .....        (amulet unavailable) Stlth
                     (ring unavailable)
HPRegen 0.27/turn    (ring unavailable)
MPRegen 0.10/turn    (no gizmo)

%: no passive effects
@: revving
A: off-hand wielding, slow wielding, warmup strikes, no jewellery
a: Invent Gizmo


You were on level 2 of the Dungeon.
You visited 1 branch of the dungeon, and saw 2 of its levels.

You collected 51 gold pieces.

Inventory:

Hand Weapons
 a - a +0 war axe (weapon) {Suphaphon}
 h - a +2 dagger of venom (offhand) {Huemac}
Armour
 b - a +0 scale mail (worn)
 c - a +0 buckler
 j - a +0 pair of boots (worn)
Wands
 n - a wand of flame (21)
Scrolls
 e - a scroll of teleportation {unknown}
 f - 2 scrolls of identify {unknown}
 g - 3 scrolls of amnesia {unknown}
 i - a scroll of poison {unknown}
 l - a scroll of noise {unknown}
Potions
 d - 4 potions of might
 k - 3 potions of curing {unknown}
 m - a potion of invisibility {unknown}


   Skills:
 - Level 3.0 Fighting
 + Level 6.1 Axes
 - Level 2.6 Armour
 - Level 2.1 Shields


You had 5 spell levels left.
You didn't know any spells.
Your spell library was empty.

Dungeon Overview and Level Annotations

Branches:
Dungeon (2/15)

Altars:

Annotations:
D:2 Crazy Yiuf


Innate Abilities, Weirdness & Mutations

You can wield a second weapon in your off-hand.
It takes a long time for you to wield or remove held weapons.
Your first few attacks do less damage.
You cannot equip rings or amulets.


Message History

The hobgoblin shouts!
A hobgoblin is nearby!
A hobgoblin is nearby!
The hobgoblin hits you but does no damage.
You barely miss the hobgoblin with your +0 war axe.
You hit the hobgoblin with your +2 dagger of venom.
The hobgoblin is poisoned.
The hobgoblin hits you but does no damage.
You hit the hobgoblin but do no damage.
The hobgoblin looks even sicker.
The hobgoblin is lightly wounded.
You hit the hobgoblin but do no damage. The hobgoblin misses you.
You slash the hobgoblin with your +0 war axe!
You kill the hobgoblin!
No target in view!
No target in view!
No target in view!
You see here a hobgoblin corpse.
You see here a hobgoblin corpse.
Crazy Yiuf shouts!
Could not explore, unopened runed door.
Could not explore, unopened runed door.
No reachable target in view!
Press: ? - help, v - describe, . - travel
Here: Crazy Yiuf, wielding a +3 quarterstaff of chaos and wearing a +1 cloak (fire blocked by a runed translucent door)
The floor.
Could not explore, unopened runed door.
Could not explore, unopened runed door.
As you open the door, it creaks loudly!
Unknown command.
You barely miss Crazy Yiuf with your +2 dagger of venom.
You slash Crazy Yiuf with your +0 war axe!
Crazy Yiuf screams, "Snurf!
Aardvark down seventy."
Crazy Yiuf hits you with a +3 quarterstaff of chaos.
You fall asleep.
Crazy Yiuf hits you with a +3 quarterstaff of chaos!!
You wake up.
Ouch! That really hurt!
* * * LOW HITPOINT WARNING * * *
You are electrocuted!
You die...

########.######...
#....# ####
####.###### #.......
#....... ##...... ###
♣♣####...... #)..#♣♣
♣♣.#..#......
#...g@♣♣♣♣.......##.##
#...#♣..♣......####...
### ♣♣♣.♣..#.## ####
♣♣♣♣♣### # #
################# #
#...............# #
###.###.........# #
#...# #.....)...# ####


You could see Crazy Yiuf.

Vanquished Creatures
  Sigmund (D:2)
  Jessica (D:2)
  An adder (D:2)
  A ribbon worm (D:2)
  2 ball pythons
  5 endoplasms
  3 giant cockroaches
  7 goblins
  2 hobgoblins
  2 quokkas
  2 bats
  2 frilled lizards
  3 kobolds
  5 rats
37 creatures vanquished.

Notes
Turn   | Place    | Note
-------+----------+-------------------------------------------
     0 | D:1      | DEFE the Coglin Fighter began the quest for the Orb.
     0 | D:1      | Reached XP level 1. HP: 18/18 MP: 1/1
    64 | D:1      | You fall into a shaft and drop 1 floor!
   139 | D:1      | Reached XP level 2. HP: 19/24 MP: 2/2
   275 | D:1      | Reached skill level 3 in Axes
   723 | D:2      | Reached XP level 3. HP: 29/29 MP: 3/3
   872 | D:2      | Found a runed translucent door.
   873 | D:2      | Noticed Crazy Yiuf
  1037 | D:2      | Noticed Sigmund
  1044 | D:2      | Killed Sigmund
  1045 | D:2      | Reached skill level 5 in Axes
  1045 | D:2      | Reached XP level 4. HP: 14/35 MP: 4/4
  1045 | D:2      | Reached XP level 5. HP: 17/41 MP: 5/5
  1179 | D:2      | Noticed Jessica
  1183 | D:2      | Killed Jessica
  1184 | D:2      | Reached skill level 6 in Axes
  1184 | D:2      | Reached XP level 6. HP: 47/47 MP: 6/6
  1400 | D:2      | Slain by Crazy Yiuf

Illustrated notes

Levels and vault maps discovered:
D:1:      heliophobic_arrival_ceremonial_halls, layout_basic, st_stairs_9
D:2:      layout_basic, uniq_sigmund, uniq_jessica, uniq_crazy_yiuf_cottage

Skill      XL: |  1  2  3  4  5 |
---------------+----------------+-----
Axes           | 3 5 6 |  6.1
Fighting       | |  3.0
Armour         | |  2.6
Shields        | |  2.1

Action                     |  1- 3 |  4- 6 || total
---------------------------+-------+-------++-------
  Melee: War axe           |    68 |    10 ||    78
         Dagger            |    22 |     9 ||    31
 Armour: Scale mail        |    46 |     8 ||    54
  Dodge: Dodged            |    23 |     5 ||    28
  Block: Buckler           |    10 |       ||    10

Table legend: (Time is in decaauts)
 A = Elapsed time spent in this place.
 B = Non-inter-level travel time spent in this place.
 C = Inter-level travel time spent in this place.
 D = Time resting spent in this place.
 E = Time spent auto-exploring this place.
 F = Levels seen in this place.
 G = Mean time per level.
                   A        B        C        D        E       F      G
               +--------+--------+--------+--------+--------+-----+--------+
         Total |   1421 |   1394 |     27 |    163 |    979 |   2 |  710.5 |
       Dungeon |   1421 |   1394 |     27 |    163 |    979 |   2 |  710.5 |
               +--------+--------+--------+--------+--------+-----+--------+

Top non-repeatable levels by time:
     D:2: 761 daAuts
     D:1: 660 daAuts
